 Dungeon Crawl Stone Soup version 0.29-a0-298-g3c90f9a769 (console) character file.

Game seed: 1129694705078886070

20784 Ignak the Thaumaturge (level 12, -1/138 HPs)
             Began as a Gnoll Hedge Wizard on Mar 23, 2022.
             Was an Elder of Sif Muna.
             Slain by an orc high priest
             ... wielding a +0 glaive
              (12 damage)
             ... on level 2 of the Orcish Mines.
             The game lasted 00:44:15 (14201 turns).

Ignak the Thaumaturge (Gnoll Hedge Wizard)         Turns: 14201, Time: 00:44:17

Health: -1/138     AC: 12    Str:  9    XL:     12   Next: 83%
Magic:  16/17      EV: 19    Int: 20    God:    Sif Muna [****..]
Gold:   334        SH:  8    Dex: 11    Spells: 16/32 levels left

rFire   . . .      SeeInvis .   b - +7 morningstar {freeze, rPois rC+ rN+ MP-9}
rCold   + + .      Faith    .   s - +3 warlock's mirror {reflect}
rNeg    + . .      Spirit   .   (no body armour)
rPois   +          Reflect  +   k - +2 helmet
rElec   .          Harm     .   c - scarf {+Inv}
rCorr   .          Rampage  .   v - +2 pair of gloves of Cocytus {rC+}
Will    +....      Rage     1%  m - +2 pair of boots
Stlth   ..........              A - amulet of regeneration
HPRegen 1.13/turn               g - +4 ring of evasion
MPRegen 0.15/turn               l - ring of willpower

@: berserking (expiring), very quick
A: fangs 1, strong nose, distributed training, iridescent scales 1, berserk 1,
MP-powered wands
a: Renounce Religion, Evoke Invisibility, Channel Magic, Forget Spell, Divine
Exegesis


You were on level 2 of the Orcish Mines.
You worshipped Sif Muna.
Sif Muna was greatly pleased with you.
You visited 3 branches of the dungeon, and saw 13 of its levels.

You collected 1266 gold pieces.
You spent 932 gold pieces at shops.

Inventory:

Hand Weapons
 b - the +7 morningstar of Koyry (weapon) {freeze, rPois rC+ rN+ MP-9}
   (You found it on level 6 of the Dungeon)

   It freezes those it strikes, dealing additional cold damage.
   It can also slow down cold-blooded creatures.
   rC:        It protects you from cold.
   rPois:     It protects you from poison.
   rN:        It protects you from negative energy.
   MP:        It affects your magic capacity (-9).
 j - a +3 scimitar of flaming
 q - a +0 vorpal spear
 y - a +0 rapier
 H - a +1 flail of holy wrath
 K - a +3 halberd
 L - a +2 scimitar of flaming
Missiles
 t - 32 poisoned darts (quivered)
 G - 2 boomerangs of dispersal
 J - 2 throwing nets
Armour
 c - a scarf of invisibility (worn)
 k - a +2 helmet (worn)
 m - a +2 pair of boots (worn)
 p - a +0 ring mail of poison resistance
 s - the +3 warlock's mirror (worn) {reflect}
   (You bought it in a shop on level 2 of the Orcish Mines)

   It can block and reflect piercing ranged attacks and magical attacks against
   the wielder's willpower.
 u - the +1 robe of the Vaults {rElec}
   (You found it on level 3 of the Dungeon)

   rElec:     It insulates you from electricity.
 v - the +2 pair of gloves of Cocytus (worn) {rC+}
   (You found it on level 4 of the Dungeon)

   rC:        It protects you from cold.
 C - +0 steam dragon scales
 O - a +2 robe of positive energy
Jewellery
 g - a +4 ring of evasion (left hand)
 l - a ring of willpower (right hand)
 n - an amulet of the acrobat
 w - an amulet of reflection
 A - an amulet of regeneration (around neck)
 B - an amulet of magic regeneration
 N - a ring of magical power
Wands
 z - a wand of paralysis (3)
 D - a wand of iceblast (12)
 M - a wand of charming (5)
Scrolls
 e - 5 scrolls of identify
 f - 3 scrolls of magic mapping
 o - a scroll of immolation
 r - 5 scrolls of teleportation
 F - a scroll of enchant armour
 I - a scroll of amnesia
Potions
 a - 2 potions of haste
 d - a potion of magic
 h - 4 potions of heal wounds
 i - 3 potions of ambrosia
 x - a potion of berserk rage
 E - a potion of curing


   Skills:
 + Level 7.6 Fighting
 + Level 7.6 Short Blades
 + Level 7.6 Long Blades
 + Level 7.6 Axes
 + Level 7.6 Maces & Flails
 + Level 7.6 Polearms
 + Level 7.6 Staves
 + Level 7.6 Slings
 + Level 7.6 Bows
 + Level 7.6 Crossbows
 + Level 7.6 Throwing
 + Level 7.6 Armour
 + Level 9.0 Dodging
 + Level 8.8 Stealth
 + Level 7.6 Shields
 + Level 7.6 Unarmed Combat
 + Level 10.5 Spellcasting
 + Level 6.7 Conjurations
 + Level 6.3 Hexes
 + Level 6.7 Summonings
 + Level 6.3 Necromancy
 + Level 6.7 Translocations
 + Level 6.3 Transmutations
 + Level 6.3 Fire Magic
 + Level 6.3 Ice Magic
 + Level 6.3 Air Magic
 + Level 6.3 Earth Magic
 + Level 6.3 Poison Magic
 + Level 8.4 Invocations
 + Level 7.6 Evocations


You had 16 spell levels left.
You knew the following spells:

 Your Spells              Type           Power      Damage    Failure   Level
a - Magic Dart            Conj           100%       1d8       1%          1
b - Blink                 Tloc           74%        N/A       1%          2
c - Slow                  Hex            100%       N/A       1%          1
d - Mephitic Cloud        Conj/Pois/Air  36%        N/A       1%          3
e - Summon Ice Beast      Ice/Summ       36%        N/A       5%          4
f - Frozen Ramparts       Ice            72%        1d9       1%          3
g - Call Imp              Summ           37%        N/A       1%          2

Your spell library contained the following spells:

 Spells                   Type           Power      Damage    Failure   Level
 Conjure Flame            Conj/Fire      36%        6-21      1%          3
 Ice Form                 Ice/Tmut       36%        N/A       6%          4
 Manifold Assault         Tloc           37%        N/A       14%         5
 Storm Form               Tmut/Air       18%        N/A       99%         7


Dungeon Overview and Level Annotations

Branches:
Dungeon (10/15)            Temple (1/1) D:6            Lair (0/6) D:10
    Orc (2/2) D:9             Elf (0/3) Orc:2

Altars:
Ashenzari
Cheibriados
Dithmenos
Elyvilon
Fedhas
Gozag
Hepliaklqana
Kikubaaqudgha
Makhleb
Nemelex Xobeh
Okawaru
Qazlal
Ru
Sif Muna
Trog
Uskayaw
Vehumet
Wu Jian
Xom
Yredelemnul
Zin
The Shining One

Shops:
D:3 *   Orc:2 (**?


Innate Abilities, Weirdness & Mutations

You have very sharp teeth.
Your uncanny sense of smell can sniff out nearby items.
Your experience applies equally to all skills.
You are partially covered in iridescent scales. (AC +2)
You tend to lose your temper in combat.
You expend magic power (3 MP) to strengthen your wands.


Message History

The sun demon barely misses you.
The orc knight roars a battlecry!
The orc goes into a battle-frenzy!
Something hits you! Something hits you but does no damage.
You block the red devil's attack.
You barely miss the orc knight. You bite the orc knight.
The orc knight is severely wounded.
The sun demon closely misses you. You block something's attack.
Something completely misses you.
The orc high priest completely misses you.
The orc knight completely misses you.
Unknown command.
Unknown command.
You puncture the orc knight! You freeze the orc knight.
The orc knight is almost dead.
The red devil closely misses you. You block the sun demon's attack.
The orc high priest barely misses you. Something hits you.
The orc knight hits you with a +0 great mace.
Something closely misses you.
Unknown command.
Unknown command.
You closely miss the orc knight. You bite the orc knight.
The orc knight is almost dead.
The red devil barely misses you. The sun demon hits you!!
* * * LOW HITPOINT WARNING * * *
You are engulfed in flames!
* * * LOW HITPOINT WARNING * * *
Unknown command.
Unknown command.
You are too berserk!
Press: ? - help, v - describe, . - travel
Here: an orc knight, wielding a +0 great mace and wearing a +0 chain mail (almost dead)
The floor, spattered with blood.
You puncture the orc knight! You freeze the orc knight.
The orc knight is almost dead.
Something hits you.
* * * LOW HITPOINT WARNING * * *
You block the orc knight's attack.
The orc high priest hits you from afar with a +0 glaive!
You die...

.....##.#......####.......#####..
...).#...#......####.......##....
.)...).......)...#...............
.##.#.......#..........#..)...##.
..###..#####################...##
######.####............. #..#.#
##.###.##8..8..8..8....8 #.#...
#....#.#.......o){{....8 ∆∆####..
)#.....')......)@34o.... ∆ ####
.###...#..........oo...8 #... ##
###.##8..8..8..8....8 #... .#
######............. #... ##
############## #### ## # .## #
..################# ##
.)................## #.


You could see an orc knight, an orc high priest (strong), a sun demon
(summoned), a red devil (summoned) and 2 orcs.

Vanquished Creatures
  Azrael (Orc:2)
  6 two-headed ogres
  Erica (D:10)
  4 orc high priests (Orc:2)
  3 death yaks (D:10)
  Lodul (D:10)
  2 orc sorcerers (Orc:2)
  2 trolls
  2 hornets (D:10)
  3 slime creatures
  A shadow (D:10)
  5 fire elementals
  10 yaks
  2 wyverns
  A steam dragon (D:6)
  Menkaure (D:6)
  A warg (Orc:1)
  2 water moccasins
  A hell hound (Orc:2)
  An acid dragon (D:10)
  14 orc warriors
  A black bear (D:6)
  An ice beast (D:7)
  3 ogres
  2 centaurs (D:6)
  3 phantoms (D:9)
  A kobold brigand (D:7)
  2 gnoll sergeants (D:9)
  A necrophage (D:6)
  A bullfrog (D:7)
  3 scorpions
  8 wights
  2 troll zombies (D:9)
  A howler monkey (D:8)
  3 hounds
  3 jellies
  20 orc priests
  4 iguanas
  18 orc wizards
  4 ogre zombies (D:9)
  Robin (D:2)
  14 gnolls
  6 adders
  An ufetubus (D:5)
  A dart slug (D:3)
  49 orcs
  8 ball pythons
  4 bats
  7 endoplasms
  3 giant cockroaches
  10 goblins
  9 hobgoblins
  2 jackals (D:1)
  2 quokkas
  4 frilled lizards
  A goblin zombie (D:9)
  A hobgoblin skeleton (D:9)
  2 hobgoblin zombies (D:9)
  16 kobolds
  12 orc zombies (D:9)
  3 rats (D:1)
301 creatures vanquished.

Vanquished Creatures (collateral kills)
  An orc high priest (Orc:2)
  2 orc warriors (Orc:2)
  A phantom (D:5)
  A wight (D:6)
  2 orc priests (Orc:2)
  A hound (D:4)
  An iguana (D:6)
  2 orc wizards (Orc:2)
  2 gnolls (D:3)
  5 adders
  An ufetubus (D:5)
  A worm (D:2)
  7 orcs
  2 ball pythons
  2 endoplasms (D:3)
  5 goblins
  2 hobgoblins (D:3)
  A jackal (D:1)
  A kobold (D:3)
  3 bats
  A frilled lizard (D:3)
  A goblin zombie (D:9)
  2 orc skeletons (D:9)
47 creatures vanquished.

Vanquished Creatures (others)
  6 toadstools (D:5)
6 creatures vanquished.

Grand Total: 354 creatures vanquished

Notes
Turn   | Place    | Note
-------+----------+-------------------------------------------
     0 | D:1      | Ignak the Gnoll Hedge Wizard began the quest for the Orb.
     0 | D:1      | Reached XP level 1. HP: 13/13 MP: 8/8
   366 | D:1      | Reached XP level 2. HP: 5/19 MP: 5/10
   406 | D:1      | Learned a level 2 spell: Blink
   408 | D:1      | Learned a level 1 spell: Slow
   411 | D:1      | Learned a level 2 spell: Call Imp
   954 | D:1      | Found a faded altar of an unknown god.
  1167 | D:1      | Reached XP level 3. HP: 25/25 MP: 11/11
  1171 | D:1      | Learned a level 3 spell: Mephitic Cloud
  1476 | D:1      | Found a sparkling altar of Nemelex Xobeh.
  1750 | D:2      | Reached skill level 1 in Invocations
  1834 | D:2      | Reached skill level 1 in Fighting
  1834 | D:2      | Reached skill level 1 in Short Blades
  1834 | D:2      | Reached skill level 1 in Long Blades
  1834 | D:2      | Reached skill level 1 in Axes
  1834 | D:2      | Reached skill level 1 in Maces & Flails
  1834 | D:2      | Reached skill level 1 in Polearms
  1834 | D:2      | Reached skill level 1 in Staves
  1834 | D:2      | Reached skill level 1 in Slings
  1834 | D:2      | Reached skill level 1 in Bows
  1834 | D:2      | Reached skill level 1 in Crossbows
  1834 | D:2      | Reached skill level 1 in Throwing
  1834 | D:2      | Reached skill level 1 in Armour
  1834 | D:2      | Reached skill level 1 in Shields
  1834 | D:2      | Reached skill level 1 in Unarmed Combat
  1834 | D:2      | Reached skill level 1 in Evocations
  1843 | D:2      | Reached XP level 4. HP: 29/32 MP: 4/13
  2173 | D:2      | Noticed Robin
  2804 | D:2      | Killed Robin
  2805 | D:2      | Reached skill level 1 in Hexes
  2805 | D:2      | Reached skill level 1 in Necromancy
  2805 | D:2      | Reached skill level 1 in Transmutations
  2805 | D:2      | Reached skill level 1 in Fire Magic
  2805 | D:2      | Reached skill level 1 in Ice Magic
  2805 | D:2      | Reached skill level 1 in Air Magic
  2805 | D:2      | Reached skill level 1 in Earth Magic
  2805 | D:2      | Reached skill level 1 in Poison Magic
  3602 | D:3      | Reached XP level 5. HP: 19/37 MP: 10/14
  4350 | D:3      | Found Jegee's General Store.
  4353 | D:3      | Bought a scroll of teleportation for 36 gold pieces
  4723 | D:3      | Identified the +1 robe of the Vaults {rElec}
  5133 | D:4      | Reached XP level 6. HP: 44/44 MP: 14/16
  5217 | D:4      | Reached skill level 5 in Dodging
  5737 | D:4      | Identified the +2 pair of gloves of Cocytus {rC+}
  5859 | D:4      | Identified a scroll of acquirement
  5859 | D:4      | Acquired an amulet of reflection
  6131 | D:5      | Entered Level 5 of the Dungeon
  6387 | D:5      | Reached XP level 7. HP: 40/50 MP: 18/18
  7160 | D:5      | Reached skill level 5 in Stealth
  7234 | D:6      | Reached XP level 8. HP: 55/57 MP: 17/19
  7415 | D:6      | Found a sacrificial altar of Ru.
  7721 | D:6      | Reached skill level 8 in Spellcasting
  7841 | D:6      | Identified the +7 morningstar of Koyry {freeze, rPois rC+
                  | rN+ MP-9}
  7926 | D:6      | Found a staircase to the Ecumenical Temple.
  7932 | Temple   | Entered the Ecumenical Temple
  8046 | Temple   | Became a worshipper of Sif Muna the Loreminder
  8108 | D:6      | Noticed Menkaure
  8167 | D:6      | Killed Menkaure
  8168 | D:6      | Reached XP level 9. HP: 56/65 MP: 12/21
  8647 | D:7      | Noticed a two-headed ogre
  8672 | D:7      | Killed a two-headed ogre
  8829 | D:7      | Gained mutation: Your spells are a little easier to cast,
                  | but a little less powerful. [potion of mutation]
  9127 | D:7      | Reached skill level 5 in Invocations
  9444 | D:8      | Reached * piety under Sif Muna
  9840 | D:8      | Reached XP level 10. HP: 29/73 MP: 2/22
  9895 | D:9      | Reached skill level 5 in Fighting
  9895 | D:9      | Reached skill level 5 in Short Blades
  9895 | D:9      | Reached skill level 5 in Long Blades
  9895 | D:9      | Reached skill level 5 in Axes
  9895 | D:9      | Reached skill level 5 in Maces & Flails
  9895 | D:9      | Reached skill level 5 in Polearms
  9895 | D:9      | Reached skill level 5 in Staves
  9895 | D:9      | Reached skill level 5 in Slings
  9895 | D:9      | Reached skill level 5 in Bows
  9895 | D:9      | Reached skill level 5 in Crossbows
  9895 | D:9      | Reached skill level 5 in Throwing
  9895 | D:9      | Reached skill level 5 in Armour
  9895 | D:9      | Reached skill level 5 in Shields
  9895 | D:9      | Reached skill level 5 in Unarmed Combat
  9895 | D:9      | Reached skill level 5 in Evocations
 10062 | D:9      | Found a staircase to the Orcish Mines.
 10186 | D:9      | Reached skill level 9 in Spellcasting
 10199 | D:9      | Reached ** piety under Sif Muna
 10257 | D:9      | Reached skill level 5 in Conjurations
 10257 | D:9      | Reached skill level 5 in Summonings
 10257 | D:9      | Reached skill level 5 in Translocations
 10873 | D:10     | Entered Level 10 of the Dungeon
 10873 | D:10     | Noticed Lodul
 10873 | D:10     | Noticed a two-headed ogre
 10873 | D:10     | Noticed a two-headed ogre
 10873 | D:10     | Noticed a two-headed ogre
 10873 | D:10     | Noticed a two-headed ogre
 10873 | D:10     | Noticed a two-headed ogre
 11080 | D:10     | Killed a two-headed ogre
 11081 | D:10     | Reached XP level 11. HP: 81/81 MP: 3/24
 11083 | D:10     | Killed a two-headed ogre
 11084 | D:10     | Reached skill level 5 in Hexes
 11084 | D:10     | Reached skill level 5 in Necromancy
 11084 | D:10     | Reached skill level 5 in Transmutations
 11084 | D:10     | Reached skill level 5 in Fire Magic
 11084 | D:10     | Reached skill level 5 in Ice Magic
 11084 | D:10     | Reached skill level 5 in Air Magic
 11084 | D:10     | Reached skill level 5 in Earth Magic
 11084 | D:10     | Reached skill level 5 in Poison Magic
 11089 | D:10     | Killed a two-headed ogre
 11101 | D:10     | Killed a two-headed ogre
 11114 | D:10     | Killed a two-headed ogre
 11122 | D:10     | Killed Lodul
 11122 | D:10     | Reached *** piety under Sif Muna
 11208 | D:10     | Lost mutation: Your spells are a little easier to cast, but
                  | a little less powerful. [potion of mutation]
 11208 | D:10     | Gained mutation: You expend magic power (3 MP) to
                  | strengthen your wands. [potion of mutation]
 11208 | D:10     | Gained mutation: You tend to lose your temper in combat.
                  | [potion of mutation]
 11208 | D:10     | Gained mutation: You are partially covered in iridescent
                  | scales. (AC +2) [potion of mutation]
 11335 | D:10     | Noticed a death yak
 11337 | D:10     | Noticed a death yak
 11366 | D:10     | Killed a death yak
 11417 | D:10     | Killed a death yak
 11495 | D:10     | Noticed a death yak
 11536 | D:10     | Killed a death yak
 11542 | D:10     | Found a staircase to the Lair.
 11723 | D:10     | Noticed Erica
 11732 | D:10     | Killed Erica
 11733 | D:10     | Reached skill level 10 in Spellcasting
 11733 | D:10     | Reached XP level 12. HP: 89/89 MP: 10/26
 12035 | Orc:1    | Entered Level 1 of the Orcish Mines
 12231 | Orc:2    | Entered Level 2 of the Orcish Mines
 12247 | Orc:1    | Noticed an orc high priest
 12252 | Orc:2    | Noticed an orc high priest
 12258 | Orc:2    | Noticed a soul eater
 12263 | Orc:2    | Killed an orc high priest
 12444 | Orc:2    | Found a staircase to the Elven Halls.
 12677 | Orc:2    | Reached **** piety under Sif Muna
 12679 | Orc:2    | Noticed an orc high priest
 12681 | Orc:2    | Noticed an orc high priest
 12690 | Orc:2    | Killed an orc high priest
 12775 | Orc:2    | Found a runed translucent door.
 12780 | Orc:2    | Noticed an orc high priest
 12788 | Orc:2    | Paralysed by an orc sorcerer for 5 turns
 12819 | Orc:2    | Paralysed by an orc sorcerer for 4 turns
 13031 | D:3      | Bought a book of Rime for 336 gold pieces
 13036 | D:3      | Learned a level 3 spell: Frozen Ramparts
 13041 | D:3      | Learned a level 4 spell: Summon Ice Beast
 13401 | Orc:2    | Killed an orc high priest
 13444 | Orc:2    | Noticed Azrael
 13587 | Orc:2    | Killed Azrael
 13599 | Orc:2    | Noticed an orc high priest
 13612 | Orc:2    | Killed an orc high priest
 13770 | Orc:2    | Found Imabitrail's Weapon Shop.
 13772 | Orc:2    | Noticed an orc high priest
 13773 | Orc:2    | Found Bial's General Store.
 13781 | Orc:2    | Noticed a sun demon
 13781 | Orc:2    | Killed an orc high priest
 13782 | Orc:2    | Found Xinisin's Magic Scroll Boutique.
 13797 | Orc:2    | Found Qoideib's General Store.
 13805 | Orc:2    | Bought the +3 warlock's mirror {reflect} for 560 gold
                  | pieces
 13805 | Orc:2    | Found the +3 warlock's mirror {reflect}
 14189 | Orc:2    | Noticed a sun demon
 14201 | Orc:2    | Slain by an orc high priest

Illustrated notes

Levels and vault maps discovered:
D:1:      dpeg_arrival_water_altar, layout_loops_ring,
          nicolae_ecumenical_snake_handling
D:2:      layout_basic, minmay_crystal_room, chequers_serial_rivers_micro_b,
          grunt_ministairs_11, kennysheep_cluttered_room, uniq_robin
D:3:      layout_basic, serial_shops, shop, minmay_fractal_squares_5
D:4:      layout_basic
D:5:      layout_basic, minmay_gold_behind_fungi
D:6:      layout_loops_corners, mainiacjoe_overflow_cross_hatched,
          minmay_temple_entry_gardened_gates, minmay_misc_feat_four_crosses,
          uniq_menkaure
D:7:      layout_gridville
D:8:      layout_rooms
D:9:      layout_irregular_city, zombieorc1_lemuel
D:10:     layout_roguey, dpeg_lair_monsters, uniq_erica, uniq_lodul
Temple:   regret_index_temple_sigil_plot
Orc:1:    layout_caves, ebering_ghost_gozag
Orc:2:    st_orc_mages, layout_diamond_mine, lightli_church_of_beogh,
          uniq_azrael

Skill      XL: |  1  2  3  4  5  6  7  8  9 10 11 12 |
---------------+-------------------------------------+-----
Conjurations   | 2 3 4 5 6 |  6.7
Summonings     | 2 3 4 5 6 |  6.7
Translocations | 2 3 4 5 6 |  6.7
Invocations    | 1 2 3 4 5 6 7 8 |  8.4
Fighting       | 1 2 3 4 5 6 7 |  7.6
Short Blades   | 1 2 3 4 5 6 7 |  7.6
Long Blades    | 1 2 3 4 5 6 7 |  7.6
Axes           | 1 2 3 4 5 6 7 |  7.6
Maces & Flails | 1 2 3 4 5 6 7 |  7.6
Polearms       | 1 2 3 4 5 6 7 |  7.6
Staves         | 1 2 3 4 5 6 7 |  7.6
Slings         | 1 2 3 4 5 6 7 |  7.6
Bows           | 1 2 3 4 5 6 7 |  7.6
Crossbows      | 1 2 3 4 5 6 7 |  7.6
Throwing       | 1 2 3 4 5 6 7 |  7.6
Armour         | 1 2 3 4 5 6 7 |  7.6
Shields        | 1 2 3 4 5 6 7 |  7.6
Unarmed Combat | 1 2 3 4 5 6 7 |  7.6
Evocations     | 1 2 3 4 5 6 7 |  7.6
Hexes          | 1 2 3 4 5 6 |  6.3
Necromancy     | 1 2 3 4 5 6 |  6.3
Transmutations | 1 2 3 4 5 6 |  6.3
Fire Magic     | 1 2 3 4 5 6 |  6.3
Ice Magic      | 1 2 3 4 5 6 |  6.3
Air Magic      | 1 2 3 4 5 6 |  6.3
Earth Magic    | 1 2 3 4 5 6 |  6.3
Poison Magic   | 1 2 3 4 5 6 |  6.3
Dodging        | 5 6 7 8 9 |  9.0
Stealth        | 5 6 7 8 |  8.8
Spellcasting   | 8 9 10 | 10.5

Action                   |  1- 3 |  4- 6 |  7- 9 | 10-12 || total
-------------------------+-------+-------+-------+-------++-------
Melee: Dagger            |     9 |    86 |    52 |       ||   147
       Short sword       |    59 |    54 |       |       ||   113
       Bite              |     2 |    15 |    30 |    54 ||   101
       Punch             |     1 |     2 |    13 |    26 ||    42
       Falchion          |       |    43 |       |       ||    43
       Rapier            |       |       |   105 |       ||   105
       Morningstar       |       |       |    89 |   360 ||   449
       Flail             |       |       |       |    81 ||    81
 Cast: Magic Dart        |    21 |     2 |     7 |       ||    30
       Call Imp          |     8 |    26 |    25 |    17 ||    76
       Blink             |     1 |     3 |     7 |     7 ||    18
       Mephitic Cloud    |       |     6 |    16 |    45 ||    67
       Slow              |       |       |     1 |     1 ||     2
       Frozen Ramparts   |       |       |       |    10 ||    10
       Summon Ice Beast  |       |       |       |     6 ||     6
Evoke: Wand              |       |       |     3 |     8 ||    11
  Use: Scroll            |     5 |     4 |     4 |     5 ||    18
       Potion            |     5 |     2 |     3 |     1 ||    11
 Stab: Sleeping          |     4 |     5 |     9 |     3 ||    21
       Distracted        |     1 |     1 |       |     1 ||     3
       Confused          |       |     1 |     5 |    12 ||    18
       Paralysed         |       |       |     7 |     3 ||    10
Armor: Robe              |    14 |    28 |    61 |       ||   103
       Ring mail         |       |    20 |       |       ||    20
       Steam dragon scal |       |       |    37 |   133 ||   170
       Skin              |       |       |       |    36 ||    36
Dodge: Dodged            |    59 |   188 |   251 |   463 ||   961
Block: Other             |       |     4 |    16 |       ||    20
       Buckler           |       |       |       |    14 ||    14
       Reflection        |       |       |       |     1 ||     1

Table legend: (Time is in decaauts)
 A = Elapsed time spent in this place.
 B = Non-inter-level travel time spent in this place.
 C = Inter-level travel time spent in this place.
 D = Time resting spent in this place.
 E = Time spent auto-exploring this place.
 F = Levels seen in this place.
 G = Mean time per level.
                   A        B        C        D        E       F      G
               +--------+--------+--------+--------+--------+-----+--------+
         Total |  14320 |  13702 |    618 |   2387 |   6625 |  13 | 1101.5 |
       Dungeon |  12287 |  11703 |    584 |   2165 |   5835 |  10 | 1228.7 |
        Temple |    147 |    115 |     32 |      0 |     91 |   1 |  147.0 |
  Orcish Mines |   1885 |   1883 |      2 |    222 |    699 |   2 |  942.5 |
               +--------+--------+--------+--------+--------+-----+--------+

Top non-repeatable levels by time:
     D:1: 2055 daAuts
     D:3: 1766 daAuts
   Orc:2: 1516 daAuts
     D:2: 1375 daAuts
     D:6: 1365 daAuts
     D:9: 1198 daAuts
    D:10: 1064 daAuts
     D:4: 1050 daAuts
     D:5: 1049 daAuts
     D:7: 819 daAuts
     D:8: 543 daAuts
   Orc:1: 369 daAuts
  Temple: 147 daAuts
